 Dungeon Crawl Stone Soup version 0.16.2-14-g7133f4a77c (webtiles) character file.

462 faibistes the Magician (level 6, -2/32 HPs)
             Began as a Deep Elf Wizard on Jan 3, 2022.
             Slain by an adder (4 damage)
             ... in a sewer.
             The game lasted 00:14:20 (4290 turns).

faibistes the Magician (Deep Elf Wizard)            Turns: 4290, Time: 00:14:20

Health: -2/32      AC:  3    Str:  4    XL:     6   Next: 79%
Magic:  2/23       EV: 14    Int: 25    God:
Gold:   122        SH:  0    Dex: 13    Spells: 6 memorised, 6 levels left

rFire  . . .     SeeInvis .     e - +1 dagger (venom)
rCold  . . .     Clarity  .     a - +0 robe
rNeg   . . .     SustAb   .     (no shield)
rPois  .         Gourm    .     b - +0 hat
rElec  .         Spirit   .     (no cloak)
rCorr  .         Warding  .     m - +0 pair of gloves
rMut   .         Stasis   .     (no boots)
MR     .....                    l - amulet of rage
Stlth  +.........               (no ring)
                                (no ring)

@: very slightly contaminated, repel missiles, not resistant to hostile
enchantments, very unstealthy
A: no striking features
a: Evoke Berserk Rage


You were in a sewer.
You were not hungry.

You visited 1 branch of the dungeon, and saw 3 of its levels.
You also visited: Sewer.

You collected 122 gold pieces.

Inventory:

Hand weapons
 e - a +1 dagger of venom (weapon)
Armour
 a - a +0 robe (worn)
 b - a +0 hat (worn)
 m - a +0 pair of gloves (worn)
Jewellery
 l - an amulet of rage (around neck)
Scrolls
 g - 2 scrolls of remove curse
 i - a scroll of noise {unknown}
Potions
 k - a potion of haste {unknown}
Books
 c - a book of Minor Magic

   Spells                             Type                      Level
   a - Magic Dart                     Conjuration                  1
   b - Blink                          Translocation                2
   c - Call Imp                       Summoning                    2
   d - Repel Missiles                 Charms/Air                   2
   e - Slow                           Hexes                        2
   f - Conjure Flame                  Conjuration/Fire             3
   g - Mephitic Cloud                 Conjuration/Poison/Air       3
Comestibles
 d - 3 bread rations
 f - 3 chunks of flesh
 h - 3 meat rations


   Skills:
 + Level 4.2 Dodging
 - Level 2.4 Stealth
 * Level 7.4 Spellcasting
 * Level 4.0 Conjurations
 - Level 1.1 Summonings
 - Level 2.4 Translocations
 * Level 1.0 Air Magic
 + Level 1.0 Poison Magic


You had 6 spell levels left.
You knew the following spells:

 Your Spells              Type           Power        Failure   Level  Hunger
a - Magic Dart            Conj           ####         1%          1    None
b - Conjure Flame         Conj/Fire      ###.....     12%         3    None
c - Call Imp              Summ           ##......     10%         2    None
d - Blink                 Tloc           N/A          4%          2    None
e - Mephitic Cloud        Conj/Pois/Air  ###.....     12%         3    None
f - Repel Missiles        Chrm/Air       ##....       10%         2    None


Dungeon Overview and Level Annotations

Branches:
Dungeon (3/15)

Altars:
Trog


Message History

Read which item? (? for menu, Esc to quit)
Okay, then.
Casting: Blink
Confirm with . or Enter, or press ? or * to list all spells.
You don't have enough magic to cast that spell.
You hit the giant gecko but do no damage.
The giant gecko is poisoned.
The giant gecko is almost dead.
The giant frog misses you.
The giant gecko splashes around in the water.
The giant gecko closely misses you.
You enter the shallow water.
Moving in this stuff is going to be slow.
You kill the giant gecko!
The giant gecko closely misses you.
The giant frog hits you but does no damage.
The adder bites you but does no damage. The giant frog hits you!
* * * LOW HITPOINT WARNING * * *
The giant gecko barely misses you. The adder bites you.
You die...

###.∩..≈.≈≈≈≈÷.≈.≈#
##≈...≈#########≈≈≈#
#∩.≈####≈≈≈≈≈.≈≈≈≈≈####
#####.÷≈≈#####≈..≈≈#≈≈##
##≈÷≈≈†≈.#≈∩≈#######≈≈≈####
##≈≈≈.≈####≈≈≈≈≈≈..#≈≈.≈.≈≈##
##≈≈.≈###≈≈≈≈≈≈≈≈..≈##≈≈#≈≈≈≈##
#.≈≈÷##≈≈≈≈≈#######≈≈#≈.##.≈≈.#
#.≈.##≈.≈†###≈≈S@F#≈≈##≈≈##≈≈≈##
≈≈≈≈#.≈≈≈##≈≈≈≈≈lS≈.≈≈#≈≈≈#≈≈..#
≈≈.##≈≈.##≈≈≈.≈≈≈≈.≈≈≈#≈..##≈≈.##
.≈≈#≈.≈≈#≈≈≈....≈.≈≈≈≈#.≈≈≈#≈.≈.#
≈.≈#≈≈≈≈#≈F.≈≈†..)?.≈≈#.≈≈≈#≈≈.∩#
..≈#≈≈≈≈#≈≈≈≈≈.)$:..≈≈#..≈≈#≈≈..#
.≈≈##≈≈≈##≈≈≈≈≈...≈≈≈##≈≈≈##≈.≈##
≈≈≈≈#≈≈≈≈##≈≈≈≈≈.≈≈≈##≈≈≈≈#.≈≈≈#
#.≈≈##≈.≈÷###≈≈≈≈≈###≈≈≈≈##†≈.##


You could see 2 giant frogs, 2 adders and a giant gecko.

Vanquished Creatures
  The ghost of FredericMitz the Skirmisher, an average DsAK of Lugonu (D:3)
  10 adders
  9 giant mites (Sewer)
  5 worms
  10 giant geckos
  22 oozes
  12 ball pythons
  10 giant cockroaches
  7 goblins
  7 hobgoblins
  7 jackals
  5 kobolds
  7 bats
  15 giant newts
  6 rats
133 creatures vanquished.

Vanquished Creatures (collateral kills)
  A bat (D:1)
  A hobgoblin (D:1)
  2 goblins (D:1)
4 creatures vanquished.

Grand Total: 137 creatures vanquished

Notes
Turn   | Place    | Note
--------------------------------------------------------------
     0 | D:1      | faibistes, the Deep Elf Wizard, began the quest for the Orb.
     0 | D:1      | Reached XP level 1. HP: 10/10 MP: 6/6
    10 | D:1      | Reached XP level 2. HP: 4/15 MP: 0/10
   291 | D:1      | Learned a level 2 spell: Blink
   294 | D:1      | Learned a level 2 spell: Call Imp
   297 | D:1      | Found a runed door.
   423 | D:1      | Reached skill level 5 in Spellcasting
   996 | D:1      | Reached XP level 3. HP: 10/19 MP: 8/14
  1001 | D:1      | Learned a level 3 spell: Conjure Flame
  1005 | D:1      | Learned a level 3 spell: Mephitic Cloud
  2223 | D:2      | Reached XP level 4. HP: 24/24 MP: 2/17
  2317 | D:2      | Learned a level 2 spell: Repel Missiles
  2627 | D:2      | Reached skill level 6 in Spellcasting
  2686 | D:3      | Noticed FredericMitz's ghost (average DsAK)
  2698 | D:3      | Killed FredericMitz's ghost
  2698 | D:3      | Reached XP level 5. HP: 19/28 MP: 8/21
  2831 | D:3      | Reached XP level 6. HP: 27/32 MP: 11/22
  2942 | D:3      | Found a bloodstained altar of Trog.
  2981 | D:3      | Found a glowing drain.
  3008 | D:3      | Reached skill level 7 in Spellcasting
  3128 | Sewer    | Entered a sewer
  4226 | Sewer    | Reached skill level 1 in Air Magic
  4226 | Sewer    | Reached skill level 1 in Poison Magic
  4290 | Sewer    | Slain by an adder

Action                   |  1- 3 |  4- 6 || total
-------------------------+-------+-------++-------
Melee: Dagger            |    13 |    10 ||    23
 Cast: Magic Dart        |    88 |   239 ||   327
       Call Imp          |     2 |     1 ||     3
       Conjure Flame     |     8 |     4 ||    12
       Mephitic Cloud    |     1 |     5 ||     6
       Repel Missiles    |       |     1 ||     1
       Blink             |       |     7 ||     7
  Use: Scroll            |       |     3 ||     3
       Potion            |       |     1 ||     1
  Eat: Chunk             |     4 |     6 ||    10
